 Dungeon Crawl Stone Soup version 0.17-a0-18-gc25b939 (webtiles) character file.

14691 Pikaro the Cleaver (level 12, -1/92 HPs)
             Began as a Formicid Abyssal Knight on Mar 8, 2015.
             Was a High Priest of Lugonu.
             Killed from afar by a manticore (16 damage)
             ... with a volley of spikes
             ... on level 3 of the Lair of Beasts.
             The game lasted 00:59:46 (19397 turns).

Pikaro the Cleaver (Formicid Abyssal Knight)       Turns: 19397, Time: 00:59:47

Health: -1/92      AC: 17    Str: 17    XL:     12   Next: 48%
Magic:  24/25      EV: 15    Int: 12    God:    Lugonu [*****.]
Gold:   347        SH:  5    Dex: 17    Spells: 0 memorised, 11 levels left

rFire  . . .     SeeInvis +     H - +3 war axe
rCold  . . .     Clarity  .     J - +1 ring mail {rPois}
rNeg   + . .     SustAb   .     K - +0 buckler
rPois  +         Gourm    .     (helmet unavailable)
rElec  +         Spirit   .     l - +2 cloak
rCorr  .         Warding  .     G - +2 pair of gloves
rMut   .         Stasis   +     s - +2 pair of boots of Qazlal's Hatred {-Cast rElec rPois rN+ Dex+4}
MR     ++...     NoCast   +     (no amulet)
Stlth  +.........               n - ring of protection from magic {MR+, !d}
                                (no ring)

@: manticore barbs, very slightly contaminated, invisible, very resistant to
hostile enchantments, very unstealthy
A: permanent stasis, dig shafts and tunnels, four strong arms, antennae 3,
hooves 1, screaming 1, weak 1
a: Dig, Shaft Self, Depart the Abyss, Bend Space, Banish, Corrupt, Enter the
Abyss, Renounce Religion


You were on level 3 of the Lair of Beasts.
You worshipped Lugonu.
Lugonu was extremely pleased with you.
You were not hungry.

You visited 2 branches of the dungeon, and saw 12 of its levels.
You visited the Abyss 1 time.
You also visited: Sewer.

You collected 670 gold pieces.
You spent 323 gold pieces at shops.

Inventory:

Hand weapons
 k - a +0 blowgun
   (You took it off a kobold on level 5 of the Dungeon)
 H - a +3 war axe (weapon)
   (You took it off a wight on level 7 of the Dungeon)
 P - a +3 scimitar of flaming
   (You took it off Erica on level 2 of the Lair of Beasts)
Missiles
 y - 32 poisoned needles
 z - 10 curare-tipped needles
Armour
 l - a +2 cloak (worn)
   (You found it on level 1 of the Dungeon)
 s - the +2 pair of boots of Qazlal's Hatred (worn) {-Cast rElec rPois rN+ Dex+4}
   (You found it on level 6 of the Dungeon)

   It affects your dexterity (+4).
   It insulates you from electricity.
   It protects you from poison.
   It protects you from negative energy.
   It prevents spellcasting.
 G - a +2 pair of gloves (worn)
   (You found it on level 7 of the Dungeon)
 J - a +1 ring mail of poison resistance (worn)
   (You took it off a gnoll sergeant on level 7 of the Dungeon)
 K - a +0 buckler (worn)
   (You took it off a gnoll sergeant on level 7 of the Dungeon)
Jewellery
 g - an uncursed ring of positive energy {unknown}
   (You took it off a wight on level 7 of the Dungeon)
 n - a ring of protection from magic (right hand) {MR+, !d}
   (You found it on level 2 of the Dungeon)
Magical devices
 f - a wand of teleportation (4)
   (You found it on level 2 of the Abyss)
 h - a wand of lightning (4)
   (You found it on level 9 of the Dungeon)
 F - a wand of paralysis (12)
   (You found it on level 5 of the Dungeon)
 N - a wand of digging (10)
   (You found it on level 9 of the Dungeon)
 Q - a wand of paralysis (5)
   (You found it on level 2 of the Lair of Beasts)
Scrolls
 e - 3 scrolls of amnesia
 u - 4 scrolls of magic mapping {!r}
 x - 3 scrolls of remove curse
 E - 2 scrolls of fog
 M - a scroll of identify
Potions
 b - a potion of ambrosia {unknown}
 d - a potion of might
 i - a potion of brilliance
 q - a potion of mutation {!q}
 r - 2 potions of magic
 t - 2 potions of restore abilities
 A - 2 potions of resistance
 B - 3 potions of agility
 C - 2 potions of lignification {!q}
 D - a potion of curing
 I - a potion of cure mutation {unknown}
Books
 o - a book of Alchemy
   (You found it on level 2 of the Dungeon)
 L - a book of Power
   (You found it on level 1 of the Lair of Beasts)
Comestibles
 c - a bread ration
 j - 7 slices of pizza
 m - 24 fruits
 p - 3 meat rations
 v - 5 beef jerkies


   Skills:
 + Level 8.0 Fighting
 + Level 13.4 Axes
 + Level 7.7 Armour
 + Level 6.6 Dodging
 + Level 3.4 Shields
 + Level 8.1 Invocations


You had 11 spell levels left.
You didn't know any spells.

Dungeon Overview and Level Annotations

Branches:
Dungeon (9/15)             Temple (0/1) D:7            Lair (3/8) D:9
 Shoals (0/5) Lair:3          Orc (0/4) D:9
  Snake: Lair:3-6    Spider: Lair:3-6

Altars:
Cheibriados
Fedhas
Nemelex Xobeh
Ru
Sif Muna
The Shining One

Shops:
D:4 !   D:5 *

Annotations:
Lair:1 exclusion: oklob plant


Innate Abilities, Weirdness & Mutations

You are under a permanent stasis effect.
You can dig through walls and to a lower floor.
Your four strong arms can wield two-handed weapons with a shield.
You have a pair of large antennae on your head (SInv).
You have large cloven feet.
You occasionally shout uncontrollably at your foes.
You are weak. (Str -2)


Message History

The griffon claws you but does no damage.
The manticore bites you but does no damage.
The manticore closely misses you. The manticore claws you!
You take 13 damage, and have 54/92 hp.
Spoiler Alert: The manticore can hit for high damage at range, and Barbs causes damage when you move!
You hit the manticore but do no damage. You hit the griffon.
You slash the plant! The griffon barely misses you.
The griffon pecks you but does no damage.
You block the griffon's attack. The manticore bites you!
The manticore claws you.
The manticore claws you but does no damage.
You take 15 damage, and have 39/92 hp.
Spoiler Alert: The manticore can hit for high damage at range, and Barbs causes damage when you move!
You hit the griffon but do no damage. You hit the plant but do no damage.
You hit the manticore. The griffon bites you! The griffon pecks you.
* * * LOW HITPOINT WARNING * * *
The griffon claws you but does no damage.
The manticore bites you.
* * * LOW HITPOINT WARNING * * *
The manticore claws you but does no damage.
The manticore closely misses you.
You take 19 damage, and have 20/92 hp.
MASSIVE DAMAGE!!
Spoiler Alert: The manticore can hit for high damage at range, and Barbs causes damage when you move!
You see here 22 gold pieces.
The manticore flicks its tail.
The volley of spikes hits you!
The barbed spikes become lodged in your body.
* * * LOW HITPOINT WARNING * * *
You take 2 damage, and have 19/92 hp.
Spoiler Alert: The manticore can hit for high damage at range, and Barbs causes damage when you move!
Space bends around you!
You blink.
* * * LOW HITPOINT WARNING * * *
You feel slightly more hungry.
You take 4 damage, and have 15/92 hp.
You now have 24/25 mp.
Drink which item? (? for menu, Esc to quit)
Okay, then.
Spoiler Alert: The manticore can hit for high damage at range, and Barbs causes damage when you move!
Read which item? (? for menu, Esc to quit)
As you read the scroll of fear, it crumbles to dust.
You assume a fearsome visage.
The griffon looks frightened!
The manticore looks frightened!
Spoiler Alert: The manticore (fleeing) can hit for high damage at range, and Barbs causes damage when you move!
Spoiler Alert: The manticore (fleeing) can hit for high damage at range, and Barbs causes damage when you move!
Spoiler Alert: The manticore (fleeing) can hit for high damage at range, and Barbs causes damage when you move!
Spoiler Alert: The manticore (fleeing) can hit for high damage at range, and Barbs causes damage when you move!
MP restored: 25 Spoiler Alert: The manticore (fleeing) can hit for high damage at range, and Barbs causes damage when you move!
You carefully extract the manticore spikes from your body.
Spoiler Alert: The manticore (fleeing) can hit for high damage at range, and Barbs causes damage when you move!
Spoiler Alert: The manticore (fleeing) can hit for high damage at range, and Barbs causes damage when you move!
You see here 22 stones.
You start resting.
Total turns waited: 2 A black mamba comes into view.
Spoiler Alert: The black mamba is very fast and can hit for high damage in melee!
You slash the black mamba! You block the black mamba's attack.
The black mamba closely misses you.
You slash the black mamba!
The black mamba bites you but does no damage.
You slash the black mamba! The black mamba bites you.
* * * LOW HITPOINT WARNING * * *
You block the black mamba's attack.
You take 6 damage, and have 17/92 hp.
Spoiler Alert: The black mamba is very fast and can hit for high damage in melee!
You barely miss the black mamba.
The black mamba bites you but does no damage.
The black mamba bites you!
* * * LOW HITPOINT WARNING * * *
You take 9 damage, and have 8/92 hp.
Space bends around you!
You blink.
* * * LOW HITPOINT WARNING * * *
You feel slightly more hungry.
You take 2 damage, and have 6/92 hp.
You now have 24/25 mp.
Warning x2: The manticore can hit for high damage at range, and Barbs causes damage when you move!
The black mamba is very fast and can hit for high damage in melee!
Read which item? (? for menu, Esc to quit)
Okay, then.
Drink which item? (? for menu, Esc to quit)
Okay, then.
Here: a manticore (lightly wounded)
The floor.
Warning x2: The manticore can hit for high damage at range, and Barbs causes damage when you move!
The black mamba is very fast and can hit for high damage in melee!
Drink which item? (? for menu, Esc to quit)
You fade into invisibility!
The manticore flicks its tail.
The volley of spikes hits you!
The barbed spikes become lodged in your body.
* * * LOW HITPOINT WARNING * * *
The black mamba closely misses you.
You are very lightly contaminated with residual magic.
You take 2 damage, and have 4/92 hp.
Warning x2: The manticore can hit for high damage at range, and Barbs causes damage when you move!
The black mamba is very fast and can hit for high damage in melee!
Drink which item? (? for menu, Esc to quit)
You feel better. The black mamba misses you.
The manticore flicks its tail.
The volley of spikes hits you!
The barbed spikes become lodged in your body.
You die...

.....P##..##.......#........
.<....##...##.....#.....P#..
......#...###.....##....## .
.......##..#P......#...+##.
.....####..##.....#...#....
...........................
............................
...............HS...........
......(.........@.#.####P.[.
..................##.P##
......H...........##...##
.....#P.##.#.#..H..#..(.#
.....#..###..#....#.....#
.....#.............#...+......
... #P.....##.........##....
##.....##.........+ .....
#.....##....###### ...


You could see a griffon, a manticore and a black mamba.

Vanquished Creatures
  Erica (Lair:2)
  The ghost of wojtek the Slicer, a powerful KoAs of Makhleb (D:9)
  Erolcha (D:8)
  A black mamba (Lair:2)
  An elephant (D:9)
  A centaur skeleton (D:8)
  5 spiny frogs
  The ghost of WhatIsLove the Bolt Thrower, an average CeHu (D:7)
  A troll (D:9)
  Prince Ribbit (D:8)
  17 yaks
  4 hippogriffs
  A human (D:8)
  A steam dragon (D:9)
  A hungry ghost (D:7)
  6 water moccasins
  A phantom (D:9)
  A black bear (D:9)
  6 ogres
  2 sky beasts
  4 orc warriors
  3 ice beasts
  2 centaurs
  2 crocodiles
  3 big kobolds
  9 giant frogs
  A gnoll sergeant (D:7)
  6 killer bees (D:8)
  3 electric eels (D:8)
  4 wights
  2 goliath beetles (D:9)
  3 jellies
  7 crimson imps
  5 orc priests
  The ghost of hornqvist the Sneak, a weakling VSAs (D:4)
  10 hounds
  A giant frog zombie (D:9)
  10 orc wizards
  3 iguanas
  7 worker ants
  A killer bee zombie (D:8)
  Ijyb (D:6)
  19 sheep
  2 hound zombies
  A hound skeleton (D:4)
  9 gnolls
  20 adders
  17 river rats
  A shadow imp (D:7)
  2 giant mites
  3 worms
  An adder zombie (D:5)
  3 adder skeletons
  An ooze (D:2)
  25 orcs
  4 ball pythons
  17 bats
  A bat zombie (D:7)
  4 giant cockroaches
  12 goblins
  11 hobgoblins
  21 jackals
  10 quokkas
  6 giant geckos
  A giant gecko skeleton (D:4)
  A giant gecko zombie (D:6)
  4 giant newts
  34 kobolds
  A quokka skeleton (D:7)
  A quokka zombie (D:8)
  14 rats
  3 plants (D:8)
391 creatures vanquished.

Vanquished Creatures (others)
  A hydra (Lair:2)
  A giant frog skeleton (D:8)
  2 plants (D:8)
  4 starspawn tentacles (Abyss:2)
  16 starspawn tentacle segments (Abyss:2)
24 creatures vanquished.

Grand Total: 415 creatures vanquished

Notes
Turn   | Place    | Note
--------------------------------------------------------------
     0 | Abyss:1  | Pikaro, the Formicid Abyssal Knight, began the quest for the Orb.
     0 | Abyss:1  | Reached XP level 1. HP: 18/18 MP: 1/1
    26 | Abyss:2  | Noticed an orb spider
    38 | Abyss:2  | Noticed a small abomination
    80 | Abyss:2  | Noticed a chaos spawn
    89 | Abyss:2  | Noticed a bone dragon
    98 | Abyss:2  | Noticed a neqoxec
   106 | Abyss:2  | Noticed a quasit
   108 | Abyss:2  | Noticed an iron imp
   112 | Abyss:2  | Noticed a great orb of eyes
   135 | Abyss:2  | Noticed a giant orange brain
   136 | Abyss:2  | Noticed a tentacled starspawn
   141 | Abyss:2  | Noticed a freezing wraith
   149 | D:1      | Escaped the Abyss
   154 | D:1      | HP: 4/18 [kobold/dagger (1)]
   497 | D:1      | Acquired Lugonu's first power
   497 | D:1      | Reached XP level 2. HP: 24/24 MP: 3/3
   556 | D:1      | Reached skill level 3 in Axes
   712 | D:1      | Reached XP level 3. HP: 29/29 MP: 5/5
  1373 | D:2      | Acquired Lugonu's second power
  1451 | D:2      | Reached skill level 4 in Axes
  1451 | D:2      | Reached XP level 4. HP: 35/35 MP: 6/6
  2160 | D:3      | Reached XP level 5. HP: 14/41 MP: 8/8
  2193 | D:3      | Found a blossoming altar of Fedhas.
  2277 | D:3      | Found a glowing golden altar of the Shining One.
  2716 | D:3      | Found a glowing drain.
  2726 | Sewer    | Entered a sewer
  2798 | Sewer    | Reached skill level 5 in Axes
  2949 | Sewer    | Reached XP level 6. HP: 42/47 MP: 10/10
  3067 | Sewer    | Acquired Lugonu's third power
  3144 | Sewer    | Reached skill level 6 in Axes
  3598 | Sewer    | Gained mutation: You are weak. (Str -2) [potion of mutation]
  3598 | Sewer    | Gained mutation: You occasionally shout uncontrollably at your foes. [potion of mutation]
  3598 | Sewer    | Gained mutation: You have large cloven feet. [potion of mutation]
  4450 | D:4      | Reached skill level 7 in Axes
  4450 | D:4      | Reached XP level 7. HP: 42/52 MP: 11/11
  4577 | D:4      | Noticed hornqvist's ghost (weakling VSAs)
  4592 | D:4      | Killed hornqvist's ghost
  4724 | D:4      | Found Tunus Twa's Distillery.
  4755 | D:4      | Bought a potion of agility for 52 gold pieces
  4755 | D:4      | Bought a potion of lignification for 39 gold pieces
  4755 | D:4      | Bought a potion of resistance for 130 gold pieces
  4755 | D:4      | Bought a potion of curing for 39 gold pieces
  4755 | D:4      | Bought a potion of curing for 39 gold pieces
  4880 | D:4      | Acquired Lugonu's fourth power
  5464 | D:5      | Entered Level 5 of the Dungeon
  5480 | D:5      | Reached skill level 8 in Axes
  5514 | D:5      | Found Yniu's General Store.
  5517 | D:5      | Bought a scroll of identify for 24 gold pieces
  5649 | D:6      | Got a pair of warped boots
  5655 | D:6      | Identified the +2 pair of boots of Qazlal's Hatred {-Cast rElec rPois rN+ Dex+4} (You found it on level 6 of the Dungeon)
  5921 | D:6      | Found a sparkling altar of Nemelex Xobeh.
  6000 | D:6      | Reached XP level 8. HP: 31/58 MP: 13/13
  6348 | D:6      | Reached skill level 9 in Axes
  6485 | D:6      | HP: 13/58 [worker ant (5)]
  6571 | D:6      | Noticed Ijyb
  6633 | D:5      | HP: 10/58 [ogre/giant club (17)]
  6650 | D:5      | HP: 6/58 [spatial distortion (3)]
  6668 | D:5      | HP: 6/58 [spatial distortion (4)]
  6714 | D:5      | HP: 12/58 [spatial distortion (2)]
  6742 | D:5      | HP: 14/58 [hound zombie (2)]
  6747 | D:5      | HP: 12/58 [spatial distortion (3)]
  6750 | D:5      | HP: 5/58 [bat (1)]
  6756 | D:5      | HP: 5/58 [bat (1)]
  6771 | D:5      | HP: 5/58 [hound zombie (1)]
  7510 | D:5      | Reached skill level 10 in Axes
  7911 | D:6      | Acquired Lugonu's fifth power
  7911 | D:6      | Reached XP level 9. HP: 29/64 MP: 15/15
  8300 | D:6      | Reached skill level 11 in Axes
  8416 | D:6      | Killed Ijyb
  8925 | D:6      | Found a deep blue altar of Sif Muna.
  9134 | D:7      | Found a snail-covered altar of Cheibriados.
  9150 | D:7      | Reached skill level 12 in Axes
  9340 | D:7      | Reached skill level 1 in Dodging
  9428 | D:7      | HP: 14/64 [wight/stone (6)]
  9432 | D:7      | HP: 6/64 [wight/stone (5)]
 10097 | D:7      | Reached skill level 3 in Armour
 10097 | D:7      | Reached skill level 2 in Dodging
 10097 | D:7      | Reached skill level 3 in Invocations
 10127 | D:7      | Found a staircase to the Ecumenical Temple.
 10137 | D:7      | Reached skill level 4 in Fighting
 10137 | D:7      | Reached XP level 10. HP: 71/71 MP: 18/18
 10244 | D:7      | HP: 17/71 [poisoned by a gnoll sergeant]
 10249 | D:7      | HP: 15/71 [poisoned by a gnoll sergeant]
 10256 | D:7      | HP: 13/71 [poisoned by a gnoll sergeant]
 10263 | D:7      | HP: 13/71 [poisoned by a gnoll sergeant]
 10271 | D:7      | HP: 12/71 [poisoned by a gnoll sergeant]
 10642 | D:7      | Noticed WhatIsLove's ghost (average CeHu)
 10655 | D:7      | Killed WhatIsLove's ghost
 10655 | D:7      | Reached skill level 1 in Shields
 10963 | D:8      | Noticed Prince Ribbit
 10987 | D:8      | HP: 17/73 [Prince Ribbit (11)]
 11028 | D:8      | Killed Prince Ribbit
 11028 | D:8      | Reached skill level 4 in Armour
 11028 | D:8      | Reached skill level 3 in Dodging
 11028 | D:8      | Reached skill level 2 in Shields
 11028 | D:8      | Reached skill level 4 in Invocations
 11263 | D:8      | Reached skill level 5 in Fighting
 11337 | D:8      | Noticed a centaur skeleton
 11348 | D:8      | Killed a centaur skeleton
 11890 | D:8      | Noticed Erolcha
 11903 | D:8      | Killed Erolcha
 11903 | D:8      | Reached skill level 5 in Armour
 11903 | D:8      | Reached skill level 5 in Invocations
 12140 | D:8      | Reached skill level 4 in Dodging
 12711 | D:9      | Reached XP level 11. HP: 76/81 MP: 21/21
 12890 | D:9      | Noticed wojtek's ghost (powerful KoAs)
 12901 | D:9      | Reached skill level 6 in Fighting
 12927 | D:9      | Killed wojtek's ghost
 12927 | D:9      | Reached skill level 6 in Invocations
 12936 | D:9      | HP: 20/81 [poisoned by wojtek's ghost]
 12942 | D:9      | HP: 19/81 [poisoned by wojtek's ghost]
 12948 | D:9      | HP: 18/81 [poisoned by wojtek's ghost]
 12956 | D:9      | HP: 18/81 [poisoned by wojtek's ghost]
 13469 | D:9      | HP: 14/82 [troll (12)]
 13503 | D:9      | Noticed an elephant
 13783 | D:9      | Reached skill level 6 in Armour
 14010 | D:8      | Reached skill level 5 in Dodging
 14052 | D:9      | Killed an elephant
 14285 | D:9      | Found a staircase to the Lair.
 14574 | D:9      | Found a staircase to the Orcish Mines.
 14846 | D:9      | Found a sacrificial altar of Ru.
 15034 | Lair:1   | Entered Level 1 of the Lair of Beasts
 15034 | Lair:1   | Noticed an oklob plant
 15049 | Lair:1   | HP: 20/83 [water moccasin (1)]
 16184 | Lair:2   | Reached skill level 13 in Axes
 16485 | Lair:2   | Reached skill level 7 in Fighting
 16485 | Lair:2   | Reached skill level 7 in Invocations
 17026 | Lair:2   | Noticed Erica
 17045 | Lair:2   | Killed Erica
 17045 | Lair:2   | Reached skill level 7 in Armour
 17045 | Lair:2   | Reached XP level 12. HP: 59/91 MP: 25/25
 17305 | Lair:2   | Reached skill level 6 in Dodging
 17402 | Lair:2   | Noticed a six-headed hydra
 17457 | Lair:1   | HP: 17/91 [spiny frog (20)]
 17462 | Lair:1   | HP: 11/91 [poisoned by a spiny frog]
 17467 | Lair:1   | HP: 8/91 [poisoned by a spiny frog]
 17472 | Lair:1   | HP: 6/91 [poisoned by a spiny frog]
 17478 | Lair:1   | HP: 5/91 [poisoned by a spiny frog]
 17486 | Lair:1   | HP: 5/91 [poisoned by a spiny frog]
 17494 | Lair:1   | HP: 5/91 [poisoned by a spiny frog]
 17844 | Lair:2   | Banished an eight-headed hydra
 18125 | Lair:2   | Reached skill level 3 in Shields
 19114 | Lair:3   | Reached skill level 8 in Invocations
 19116 | Lair:3   | Reached skill level 8 in Fighting
 19343 | Lair:3   | Found a staircase to the Shoals.
 19355 | Lair:3   | HP: 20/92 [manticore (6)]
 19360 | Lair:3   | HP: 15/92 [spatial distortion (4)]
 19392 | Lair:3   | HP: 17/92 [black mamba (6)]
 19394 | Lair:3   | HP: 8/92 [black mamba (9)]
 19397 | Lair:3   | Killed from afar by a manticore

Action                   |  1- 3 |  4- 6 |  7- 9 | 10-12 || total
-------------------------+-------+-------+-------+-------++-------
Melee: Hand axe          |    87 |   254 |   484 |       ||   825
       War axe           |       |       |    41 |   729 ||   770
Invok: Depart the Abyss  |     1 |       |       |       ||     1
       Bend Space        |       |       |     8 |     6 ||    14
       Banish            |       |       |       |     2 ||     2
  Use: Scroll            |     8 |     4 |    13 |     3 ||    28
       Potion            |     1 |     3 |     3 |     5 ||    12
  Eat: Chunk             |     2 |     8 |    20 |    17 ||    47
       Fruit             |       |     1 |       |       ||     1
       Bread ration      |       |       |       |     3 ||     3

Vault maps used:
D:1:      minmay_arrival_checkered_box
D:3:      fedhas_altar_4, nicolae_tso_carved_into_rock, serial_forest,
          infiniplex_forest_diagonal, infiniplex_forest_lined_4_way,
          infiniplex_forest_lined_room_2, infiniplex_forest_diagonal,
          infiniplex_forest_clump_double, infiniplex_forest_clump_curved,
          infiniplex_forest_clump_C, portal_sewer_entry_b
D:4:      serial_shops, shop, minmay_quantized
D:5:      serial_shops, nicolae_shop_behind_doors, first_bread
D:6:      kennysheep_orc_sif_temple, nemelex_diamond_rough_becter, uniq_iyjb
D:7:      lemuel_doored_altar, minmay_temple_entry_large_hall
D:8:      grunt_livestock, serial_bayou_ford_a, uniq_prince_ribbit1,
          uniq_erolcha
D:9:      david_lair_generic, david_orc_2, minmay_liquid_box,
          minmay_misc_feat_plants, nicolae_ru_the_path_less_chosen
Lair:1:   dpeg_stationary_puzzle, lemuel_fruit_tree
Lair:2:   uniq_erica
Lair:3:   minmay_shoals_entry_beasts, infiniplex_staircase_pool
Abyss:1:  minivault_5
Sewer:    sewer_co_15_rooms

Table legend:
 A = Turns spent in this place as a percentage of turns spent in the entire game.
 B = Non-inter-level travel turns spent in this place as a percentage of non-inter-level travel turns spent in the entire game.
 C = Inter-level travel turns spent in this place as a percentage of turns spent in this place.
 D = Turns resting spent in this place as a percentage of non-inter-level travel turns spent in this place.
 E = Turns spent auto-exploring this place as a percentage of non-inter-level travel turns spent in this place.
 F = Non-inter-level travel turns spent in this place divided by the number of levels of this place that you've seen.
                   A       B       C       D       E      F
               +-------+-------+-------+-------+-------+----------------------
         Total | 100.0 | 100.0 |   0.3 |   5.6 |   5.8 | 354.1
       Dungeon |  76.9 |  76.9 |   0.4 |   5.1 |   6.0 | 453.8
          Lair |  14.4 |  14.4 |   0.3 |   8.6 |   6.8 | 255.7
         Abyss |   2.9 |   2.9 |   0.0 |   0.0 |   0.0 |  76.0
         Sewer |   5.8 |   5.8 |   0.0 |   7.8 |   3.6 | 308.0
               +-------+-------+-------+-------+-------+----------------------

Table legend:
 A = Kills in this place as a percentage of kills in entire the game.
 B = Kills by you in this place as a percentage of kills by you in the entire game.
 C = Kills by friends in this place as a percentage of kills by friends in the entire game.
 D = Other kills in this place as a percentage of other kills in the entire game.
 E = Experience gained in this place as a percentage of experience gained in the entire game.
 F = Experience gained in this place divided by the number of levels of this place that you have seen.
                   A       B       C       D       E      F
               +-------+-------+-------+-------+-------+----------------------
         Total | 100.0 | 100.0 |  -nan | 100.0 | 100.0 | 1399.2
       Dungeon |  77.9 |  78.1 |  -nan |   0.0 |  53.2 | 1240.9
          Lair |  16.8 |  16.6 |  -nan | 100.0 |  45.4 | 3175.0
         Sewer |   5.3 |   5.3 |  -nan |   0.0 |   1.4 | 295.0
               +-------+-------+-------+-------+-------+----------------------
